[Event "GrandPrix_30.05"]
[Site "Chess.com"]
[Date "2020.05.30"]
[Round "1"]
[White "VSanduleac"]
[Black "Zakaryan_David"]
[Result "1/2-1/2"]
[WhiteElo "2046"]
[BlackElo "1494"]
[TimeControl "600+2"]
[EndTime "8:06:59 PDT"]
[Termination "Game drawn by agreement"]

1. e4 c5 2. Nf3 Nc6 3. Bb5 g6 4. Bxc6 bxc6 5. O-O Bg7 6. c3 Nf6 7. Qe2 O-O 8. d4 d5 9. e5 Ne4 10. Nbd2 cxd4 11. cxd4 c5 12. Nxe4 dxe4 13. Qxe4 Bf5 14. Qe3 cxd4 15. Nxd4 Bh6 16. Qxh6 Qxd4 17. Qe3 Rfd8 18.
Qxd4 Rxd4 19. Be3 Rd5 20. f4 a5 21. Rfd1 Rad8 22. Rxd5 Rxd5 23. Kf2 f6 24. exf6 exf6 25. Rc1 Kf7 26. Rc7+ Rd7 27. Rxd7+ Bxd7 28. b3 Ke6 29. Bd2 a4 30. bxa4 Bxa4 31. Ke3 Kd5 32. f5 gxf5 33. Bc3 Ke6 34. Kd4 f4 35. Kc5 Bc2 36. Kd4 Ba4 37.
Ke4 Bc6+ 38. Kxf4 Bxg2 39. a4 Kd7 40. Kf5 Kc6 41. Kxf6 Kb7 1/2-1/2

[Event "GrandPrix_30.05"]
[Site "Chess.com"]
[Date "2020.05.30"]
[Round "1"]
[White "Cocolino12"]
[Black "Tesla37"]
[Result "0-1"]
[WhiteElo "2239"]
[BlackElo "2844"]
[TimeControl "600+2"]
[EndTime "8:08:24 PDT"]
[Termination "Tesla37 won by resignation"]

1. e4 c5 2. Nf3 e6 3. c3 Nf6 4.
e5 Nd5 5. d4 cxd4 6. cxd4 d6 7. Bc4 Be7 8. O-O O-O 9. exd6 Qxd6 10. Nc3 Nc6 11. Re1 Rd8 12. Bb3 Nf6 13. Nb5 Qd7 14. Bf4 a6 15. Nc7 Ra7 16. Rc1 Bb4 17. Re2 Ba5 18. d5 Bxc7 19. dxc6 Qxd1+ 20. Bxd1 Bxf4 0-1

[Event "GrandPrix_30.05"]
[Site "Chess.com"]
[Date "2020.05.30"]
[Round "1"]
[White "IriBu"]
[Black "Velis23"]
[Result "0-1"]
[WhiteElo "2328"]
[BlackElo "2189"]
[TimeControl "600+2"]
[EndTime "8:08:27 PDT"]
[Termination "Velis23 won by resignation"]

1. e4 c6 2. d4 d5 3. exd5 cxd5 4.
Bd3 Nc6 5. c3 Nf6 6. Nd2 Bg4 7.
Ne2 e6 8. f3 Bh5 9. Ng3 Bg6 10.
Qe2 Bd6 11. O-O Qc7 12. Bxg6 hxg6 13. Qf2 O-O-O 14. Re1 Rxh2 15. Ndf1 Rh7 16. Bg5 Rdh8 17. b3 Nh5 18. Nxh5 Rxh5 19. Qd2 Bg3 20. Nxg3 Qxg3 21. Kf1 Rxg5 22. Qf2 Rh2 23. Qxg3 Rxg3 24. Re2 Rh1+ 25. Kf2 Rxg2+ 26. Kxg2 Rxa1 27. f4 Kd7 28. Kf3 b5 29. Rd2 Rc1 30. Rd3 b4 31. cxb4 Nxb4 32. Rd2 Rc2 0-1

[Event "GrandPrix_30.05"]
[Site "Chess.com"]
[Date "2020.05.30"]
[Round "1"]
[White "Thor736"]
[Black "tsvet2005"]
[Result "1-0"]
[WhiteElo "2085"]
[BlackElo "2279"]
[TimeControl "600+2"]
[EndTime "8:09:19 PDT"]
[Termination "Thor736 won by resignation"]

1. e4 c5 2. Nf3 d6 3. d4 cxd4 4. Nxd4 Nf6 5. Nc3 a6 6. g3 e5 7. Nb3 Be7 8. Bg2 b5 9. O-O Bb7 10. Bd2 Nbd7 11. Nd5 Bxd5 12. exd5 Nb6 13. Na5 O-O 14.
b3 Qd7 15. Nc6 Rfc8 16. Rc1 h6 17. c4 bxc4 18. bxc4 Bf8 19. Ba5 Qc7 20. Rb1 Nfd7 21. Bh3 e4 22. Qd4 Re8 23. Bxb6 Nxb6 24. Qxb6 Qxb6 25. Rxb6 g5 26. Bd7 1-0

[Event "GrandPrix_30.05"]
[Site "Chess.com"]
[Date "2020.05.30"]
[Round "1"]
[White "LazovT"]
[Black "ArnaudovP"]
[Result "1-0"]
[WhiteElo "2155"]
[BlackElo "2257"]
[TimeControl "600+2"]
[EndTime "8:09:37 PDT"]
[Termination "LazovT won by resignation"]

1. e4 c6 2. d4 d5 3. e5 Bf5 4.
Nd2 e6 5. Nb3 Nd7 6. Nf3 h6 7. Be2 Ne7 8. O-O g5 9. Ne1 Bg7 10. f4 gxf4 11. Bxf4 Ng6 12. Be3 Qc7 13. Bd3 Ne7 14. Qh5 Bg6 15. Bxg6 Nxg6 16. Nd3 Bf8 17. Rxf7 Kxf7 18. Nf4 Nxe5 19. dxe5 Qxe5 20. Qxg6+ Ke7 21.
Bc5+ Kd7 22. Qf7+ Kc8 23. Qe8+ Kc7 24. Nxe6+ 1-0

[Event "GrandPrix_30.05"]
[Site "Chess.com"]
[Date "2020.05.30"]
[Round "1"]
[White "SpasKozhuharov"]
[Black "KuzubovYuriy"]
[Result "0-1"]
[WhiteElo "2077"]
[BlackElo "2423"]
[TimeControl "600+2"]
[EndTime "8:10:14 PDT"]
[Termination "KuzubovYuriy won by resignation"]

1. c4 e5 2. g3 Nc6 3. Bg2 Bc5 4. e3 a6 5. Ne2 d6 6. d4 Ba7 7. Bxc6+ bxc6 8. dxe5 h5 9. exd6 cxd6 10. h4 Nf6 11.
Nbc3 Bg4 12. Qa4 Bf3 13. Rg1 O-O 14. b3 Ng4 15. Bb2 Qf6 16. Nd1 Qf5 17. Qa5 Qxa5+ 0-1

[Event "GrandPrix_30.05"]
[Site "Chess.com"]
[Date "2020.05.30"]
[Round "1"]
[White "Pidzsy"]
[Black "Koalaskakistis"]
[Result "1-0"]
[WhiteElo "2305"]
[BlackElo "1977"]
[TimeControl "600+2"]
[EndTime "8:10:43 PDT"]
[Termination "Pidzsy won by resignation"]

1. e4 c5 2. Nf3 Nc6 3. d4 cxd4 4. Nxd4 Nf6 5. Nc3 e5 6. Ndb5 d6 7. Bg5 a6 8. Na3 b5 9. Bxf6 gxf6 10. Nd5 f5 11. Bd3 Be6 12. O-O Bxd5 13. exd5 Ne7 14.
Re1 Bg7 15. c3 O-O 16. Nc2 e4 17. Bf1 Ng6 18. Qh5 Qf6 19. Nd4 Ne7 20. g3 Qg6 21.
Qh3 f4 22. Rad1 f3 23. Rxe4 Nxd5 24. Rg4 Qf6 25. Nf5 1-0

[Event "GrandPrix_30.05"]
[Site "Chess.com"]
[Date "2020.05.30"]
[Round "1"]
[White "elohunter1999"]
[Black "vpantev"]
[Result "1/2-1/2"]
[WhiteElo "2239"]
[BlackElo "2730"]
[TimeControl "600+2"]
[EndTime "8:10:45 PDT"]
[Termination "Game drawn by agreement"]

1. e4 c6 2. Nc3 d5 3. Nf3 dxe4 4. Nxe4 Nf6 5. Qe2 Nxe4 6. Qxe4 Qd5 7. Qh4 Qe6+ 8. Be2 Qg4 9. Qg3 Qxg3 10. hxg3 g6 11. d4 Bg7 12. c3 h5 13. Bf4 Bg4 14. O-O-O Nd7 15. Rhe1 O-O 16. Ne5 Nxe5 17. Bxe5 Bxe5 18. dxe5 Be6 19. b3 Rfd8 20. Rxd8+ Rxd8 21. Rd1 Rxd1+ 1/2-1/2

[Event "GrandPrix_30.05"]
[Site "Chess.com"]
[Date "2020.05.30"]
[Round "1"]
[White "ZefirKa"]
[Black "mishikomchedlishvili"]
[Result "0-1"]
[WhiteElo "2058"]
[BlackElo "2392"]
[TimeControl "600+2"]
[EndTime "8:10:50 PDT"]
[Termination "mishikomchedlishvili won by resignation"]

1. e4 d6 2. d4 Nf6 3. Nc3 g6 4. f4 Bg7 5. Nf3 O-O 6. Be3 b6 7. Qd2 Bb7 8. Bd3 c5 9. d5 Ng4 10. Bg1 a6 11. a4 Nd7 12. h3 Ngf6 13. Bc4 b5 14. e5 bxc4 15. exf6 Nxf6 16. Rd1 Rb8 17. Be3 Ba8 18. Rb1 Rb4 19. O-O Qb8 20. f5 Rxb2 21. Rxb2 Qxb2 22. Rb1 Qa3 23. fxg6 hxg6 24. Ng5 Nxd5 25. Nxd5 Bxd5 26. Qxd5 Qxe3+ 27. Kh1 e6 0-1

[Event "GrandPrix_30.05"]
[Site "Chess.com"]
[Date "2020.05.30"]
[Round "1"]
[White "eristeski7"]
[Black "Infernal_XaM"]
[Result "1-0"]
[WhiteElo "2155"]
[BlackElo "2355"]
[TimeControl "600+2"]
[EndTime "8:12:27 PDT"]
[Termination "eristeski7 won by resignation"]

1. e4 e5 2. Nf3 Nc6 3. Nc3 Nf6 4. Bb5 Nd4 5. Nxd4 exd4 6. e5 dxc3 7. exf6 Qxf6 8. dxc3 Qe5+ 9. Qe2 Qxe2+ 10. Bxe2 Be7 11. Bf4 d6 12. O-O-O O-O 13. Bf3 Rb8 14. Rhe1 Bf6 15. Be3 b6 16. Bd4 Bg5+ 17. Be3 Bxe3+ 18. Rxe3 Be6 19.
Rde1 Rfd8 20. b3 b5 21. Kb2 Kf8 22. g3 a5 23. Be4 g6 24. f4 d5 25. Bd3 c5 26. Bf1 c4 27. Rd1 b4 28. Rd4 Rdc8 29.
Bg2 Rc5 30. cxb4 axb4 31. c3 bxc3+ 32. Rxc3 Rcb5 33. Re3 Kg7 34. Bf3 h5 35. h4 Kf6 36.
Bg2 R8b6 37. Bf3 Ra5 38. Re5 1-0

[Event "GrandPrix_30.05"]
[Site "Chess.com"]
[Date "2020.05.30"]
[Round "1"]
[White "Malysch"]
[Black "KacperKacprzak"]
[Result "1-0"]
[WhiteElo "2368"]
[BlackElo "2048"]
[TimeControl "600+2"]
[EndTime "8:12:46 PDT"]
[Termination "Malysch won by resignation"]

1. d4 Nf6 2. c4 d6 3. g3 Nbd7 4. Bg2 g6 5. Nf3 Bg7 6. O-O O-O 7. Nc3 e5 8. e4 Re8 9. h3 exd4 10. Nxd4 Nc5 11. Re1 h5 12. Bg5 Bd7 13. Qd2 Qc8 14. Kh2 Nh7 15. Be3 h4 16. g4 c6 17. Rad1 Qc7 18.
Kh1 Rad8 19. f4 Bc8 20. Bf2 Qe7 21. b4 Ne6 22. Nf5 gxf5 23. exf5 Qf6 24. Ne4 Qb2 25. Qxb2 Bxb2 26. fxe6 Bxe6 27. Bxh4 f6 28. Nxd6 Bc3 29. Nxe8 Rxe8 30. Re4 Bxb4 31. f5 Bf7 32. Rxe8+ Bxe8 33. Rd8 Kf7 34. Rb8 b6 35. Rb7+ 1-0

[Event "GrandPrix_30.05"]
[Site "Chess.com"]
[Date "2020.05.30"]
[Round "1"]
[White "levvard"]
[Black "Nitzan_Steinberg"]
[Result "0-1"]
[WhiteElo "2026"]
[BlackElo "2360"]
[TimeControl "600+2"]
[EndTime "8:12:51 PDT"]
[Termination "Nitzan_Steinberg won by resignation"]

1. b4 e5 2. Bb2 d6 3. a3 a5 4. c3 Nf6 5. e3 e4 6. d3 exd3 7. Bxd3 Nc6 8. Nf3 Bg4 9. O-O d5 10. Nbd2 Bd6 11. c4 axb4 12. cxd5 Nxd5 13. Bxg7 Rg8 14. Bd4 Bh3 15. g3 Bxf1 16. Qxf1 Nxd4 17. Nxd4 Rxa3 18. Nc4 Rxa1 19. Nxd6+ Qxd6 20. Qxa1 Nb6 21. Qa7 c5 22. Bb5+ Kf8 23. Nf5 Qc7 24. Qa1 Qd8 25.
Qe5 Nc8 26. Qxc5+ Ne7 27. Qxb4 Rg6 28. Kg2 Rb6 29. g4 Qd5+ 30. e4 Qe5 31. Qa3 Qxe4+ 32. f3 Qc2+ 33. Kg3 Qc7+ 34. Kh3 Rxb5 0-1

[Event "GrandPrix_30.05"]
[Site "Chess.com"]
[Date "2020.05.30"]
[Round "1"]
[White "dzhumagaliev"]
[Black "Onischuk_V"]
[Result "0-1"]
[WhiteElo "2101"]
[BlackElo "2468"]
[TimeControl "600+2"]
[EndTime "8:13:24 PDT"]
[Termination "Onischuk_V won by resignation"]

1. Nf3 g6 2. h4 Nf6 3. d4 h6 4.
c4 d6 5. Nc3 Bg7 6. e4 Bg4 7.
Be2 Nc6 8. d5 Bxf3 9. Bxf3 Ne5 10. Be2 h5 11. O-O c6 12. Be3 O-O 13. f3 Qa5 14.
Rb1 Rfc8 15. b4 Qd8 16. Qb3 cxd5 17. Nxd5 Nxd5 18. cxd5 Rc3 19. Qxc3 Nxf3+ 20. Rxf3 Bxc3 21.
Rbf1 Bf6 22. Kh2 Rc8 23. Bg5 Bxg5 24. hxg5 Qf8 25. Bb5 Qg7 26. Bd7 Qe5+ 27. Kh1 Rf8 28. Be6 Qxg5 29. Rxf7 Rxf7 30. Rxf7 Kh8 31. b5 Qh4+ 32.
Kg1 Qxe4 33. Kf2 Qa4 34. Kf3 Qxa2 35. g4 Qa3+ 36. Kf4 Qc1+ 37. Kf3 Qc3+ 38. Kf4 Qe5+ 39.
Kf3 h4 40. Kg2 Qg3+ 41. Kf1 h3 42. g5 Qxg5 43. Bxh3 Qxd5 44. Rxe7 Qf3+ 0-1

[Event "GrandPrix_30.05"]
[Site "Chess.com"]
[Date "2020.05.30"]
[Round "1"]
[White "ZverevLev"]
[Black "Sam_ChessMood"]
[Result "0-1"]
[WhiteElo "2169"]
[BlackElo "2588"]
[TimeControl "600+2"]
[EndTime "8:13:34 PDT"]
[Termination "Sam_ChessMood won by resignation"]

1. e4 c5 2. Nf3 d6 3. d4 cxd4 4. Nxd4 Nf6 5. Nc3 a6 6. Bg5 Nbd7 7. f4 Qc7 8. Qf3 h6 9. Bxf6 Nxf6 10. f5 Rg8 11.
O-O-O g5 12. fxg6 Bg4 13. gxf7+ Kxf7 14. Qd3 Bxd1 15. Nxd1 Rg5 16. Qb3+ d5 17. exd5 Qf4+ 18. Qe3 Qxe3+ 19. Nxe3 b5 20. Bd3 Re5 21. Ndf5 Rd8 22. Rf1 Kg8 23. c4 e6 24. dxe6 Rxd3 25. e7 Bxe7 26.
Nxe7+ Rxe7 27. Rxf6 Rdxe3 28. cxb5 axb5 29. Rxh6 Re2 30.
Rh5 Rxg2 31. Kd1 Rxb2 32. h4 b4 33. Rg5+ Rg7 0-1

[Event "GrandPrix_30.05"]
[Site "Chess.com"]
[Date "2020.05.30"]
[Round "1"]
[White "Kobalia"]
[Black "ulkaf961"]
[Result "1-0"]
[WhiteElo "2354"]
[BlackElo "2016"]
[TimeControl "600+2"]
[EndTime "8:13:53 PDT"]
[Termination "Kobalia won by resignation"]

1. e4 e6 2. d3 d5 3. Nd2 c5 4. Ngf3 Nc6 5. g3 g6 6. Bg2 Bg7 7. O-O Nge7 8. Re1 O-O 9. c3 b5 10. e5 Rb8 11. d4 Qc7 12. Nb3 c4 13. Nc5 b4 14. h4 h6 15. Bd2 a5 16. a4 bxc3 17. bxc3 Nd8 18. Nh2 Rb6 19. Ng4 Nf5 20.
Qc1 h5 21. Nf6+ Bxf6 22. exf6 Nb7 23. Bf4 Qd8 24. Nxb7 Bxb7 25. Be5 Kh7 26. Bh3 Nd6 27. Qf4 Ne4 28. Bc7 e5 29. Bxd8 exf4 30. Bxb6 1-0

[Event "GrandPrix_30.05"]
[Site "Chess.com"]
[Date "2020.05.30"]
[Round "1"]
[White "Rikikits"]
[Black "jacky72"]
[Result "1-0"]
[WhiteElo "2737"]
[BlackElo "2198"]
[TimeControl "600+2"]
[EndTime "8:14:18 PDT"]
[Termination "Rikikits won by checkmate"]

1. e4 e5 2. Nc3 Nf6 3. f4 d5 4.
fxe5 Nxe4 5. Qf3 Ng5 6. Qxd5 Qe7 7. d4 Nc6 8. Bb5 Bd7 9. h4 Ne6 10. Nf3 O-O-O 11. Be3 Ncxd4 12. Nxd4 Bxb5 13. Nf5 Qb4 14. Qxb5 Qg4 15. O-O g6 16. Nh6 Bxh6 17.
Bxh6 Nd4 18. Qa5 Qxh4 19. Rxf7 Nf3+ 20. Rxf3 Qxh6 21. Qxa7 Rhf8 22. e6 c6 23. e7 Rxf3 24.
Qa8+ Kd7 25. Qxd8+ Ke6 26. e8=Q+ Kf5 27. Qe4# 1-0

[Event "GrandPrix_30.05"]
[Site "Chess.com"]
[Date "2020.05.30"]
[Round "1"]
[White "SacrificeGod"]
[Black "Gannikus21"]
[Result "0-1"]
[WhiteElo "2269"]
[BlackElo "2214"]
[TimeControl "600+2"]
[EndTime "8:14:30 PDT"]
[Termination "Gannikus21 won by resignation"]

1. e4 d6 2. d4 g6 3. Nc3 Bg7 4. f4 Nf6 5. Nf3 O-O 6. e5 dxe5 7. fxe5 Nd5 8. Bc4 Nb6 9. Bb3 Nc6 10. O-O Na5 11.
Ne4 Nxb3 12. axb3 f6 13. exf6 exf6 14. Bf4 Nd5 15. Bd2 f5 16. Nc5 b6 17. Nd3 Bb7 18.
Nfe5 Nf6 19. c3 Ne4 20. b4 a6 21. Be3 Qd6 22. Nf4 Kh8 23. Qb3 g5 24. Ne6 Bd5 0-1

[Event "GrandPrix_30.05"]
[Site "Chess.com"]
[Date "2020.05.30"]
[Round "1"]
[White "Paulz64"]
[Black "KruHor"]
[Result "1/2-1/2"]
[WhiteElo "2170"]
[BlackElo "2446"]
[TimeControl "600+2"]
[EndTime "8:14:42 PDT"]
[Termination "Game drawn by agreement"]

1. d4 Nf6 2. c4 e6 3. Nf3 b6 4. Nc3 Bb7 5. Bg5 h6 6. Bh4 g5 7.
Bg3 Nh5 8. e3 Nxg3 9. hxg3 Bg7 10. Bd3 d6 11. Qc2 Nd7 12. Be4 c6 13. O-O Rc8 14.
b4 a6 15. Rfd1 h5 16. Rac1 g4 17. Nh4 Bf6 18. b5 axb5 19. cxb5 d5 20. bxc6 Rxc6 21.
Bd3 O-O 22. Bb5 Rc7 23. Qa4 Nb8 24. Ne2 1/2-1/2

[Event "GrandPrix_30.05"]
[Site "Chess.com"]
[Date "2020.05.30"]
[Round "1"]
[White "bernereremit"]
[Black "moro182"]
[Result "0-1"]
[WhiteElo "2127"]
[BlackElo "2509"]
[TimeControl "600+2"]
[EndTime "8:14:45 PDT"]
[Termination "moro182 won by resignation"]

1. e4 e5 2. Nf3 Nc6 3. Bb5 a6 4. Ba4 Nge7 5. O-O g6 6. d4 exd4 7. c3 dxc3 8. Nxc3 Bg7 9. Nd5 O-O 10. Bg5 f6 11. Bh4 d6 12. Rc1 Kh8 13. h3 Bd7 14. a3 Rc8 15. b4 Be6 16. Qd2 Bg8 17. Rfd1 g5 18. Bg3 h6 19. Nh2 f5 20. Nxe7 Nxe7 21. exf5 Nxf5 22. Ng4 Nxg3 23. fxg3 h5 24. Ne3 Qf6 25.
Kh2 h4 26. gxh4 Qf4+ 27. Kh1 Be5 28. Ng4 Qxd2 29. Rxd2 Bf4 0-1

[Event "GrandPrix_30.05"]
[Site "Chess.com"]
[Date "2020.05.30"]
[Round "1"]
[White "MikaelyanArman1996"]
[Black "fm_magua"]
[Result "1-0"]
[WhiteElo "2279"]
[BlackElo "1864"]
[TimeControl "600+2"]
[EndTime "8:14:57 PDT"]
[Termination "MikaelyanArman1996 won by resignation"]

1. d4 Nf6 2. c4 g6 3. Nc3 Bg7 4.
e4 d6 5. Be2 O-O 6. Be3 e5 7.
d5 a5 8. g4 Na6 9. f3 Nc5 10. h4 c6 11. h5 cxd5 12. cxd5 b5 13. Bxb5 Ba6 14. Bxa6 Rxa6 15. Qd2 Nfd7 16. Nge2 Rb6 17.
Rb1 Qb8 18. Kf1 f5 19. gxf5 gxf5 20. Kg1 fxe4 21. fxe4 Nf6 22. Ng3 Rb4 23. h6 Bh8 24.
Bxc5 dxc5 25. Rf1 Rxb2 26. Qg5+ Kf7 27. Qf5 Qc8 28. Qxh7+ Ke8 29. Qg6+ Kd8 30. h7 c4 31. Rh2 Qc5+ 32. Kh1 Rxh2+ 33. Kxh2 Qe7 34. Nf5 Qxh7+ 35. Qxh7 Nxh7 36. Rb1 Kc7 37. d6+ Kc6 38. Nd5 Nf6 39. Nde7+ Kc5 40. Rb7 Nxe4 41. d7 Nd6 42.
Rc7+ Kb6 43. Nd5+ 1-0

[Event "GrandPrix_30.05"]
[Site "Chess.com"]
[Date "2020.05.30"]
[Round "1"]
[White "Baron_von_Koenig"]
[Black "Gabrielian_Artur"]
[Result "1-0"]
[WhiteElo "2133"]
[BlackElo "2268"]
[TimeControl "600+2"]
[EndTime "8:15:13 PDT"]
[Termination "Baron_von_Koenig won by resignation"]

1. Nc3 c5 2. Nf3 Nc6 3. d4 cxd4 4. Nxd4 Nf6 5. Bg5 d6 6. Bxf6 gxf6 7. e3 f5 8. g3 e6 9. Bg2 d5 10. O-O Bg7 11.
Nce2 Qb6 12. Rb1 Bd7 13. c3 h5 14. h4 Be5 15. Nf3 Bc7 16. Nf4 Bxf4 17. exf4 f6 18.
Re1 O-O-O 19. b4 Kb8 20. a4 Qc7 21. a5 Rhg8 22. Nd4 Nxd4 23. Qxd4 Rc8 24. Rec1 e5 25. fxe5 fxe5 26. Qxd5 f4 27. b5 fxg3 28. b6 gxf2+ 29.
Kh1 axb6 30. axb6 1-0

[Event "GrandPrix_30.05"]
[Site "Chess.com"]
[Date "2020.05.30"]
[Round "1"]
[White "Iljin_Timofey"]
[Black "dosto07"]
[Result "1-0"]
[WhiteElo "2264"]
[BlackElo "1848"]
[TimeControl "600+2"]
[EndTime "8:15:14 PDT"]
[Termination "Iljin_Timofey won by resignation"]

1. d4 d5 2. c4 dxc4 3. e4 e5 4. Nf3 exd4 5. Bxc4 Nc6 6. Kf1 Be6 7. Bxe6 fxe6 8. g3 Qd7 9. Kg2 Nf6 10. Re1 Bc5 11.
Nbd2 O-O 12. Nb3 Bb6 13. e5 Nd5 14. Kg1 Qf7 15. Kg2 Rad8 16. Bd2 h6 17. Rc1 Qh5 18. Nh4 Qxd1 19. Rcxd1 g5 20. Ng6 Rf7 21. h4 Kg7 22. h5 Nde7 23. Nxe7 Nxe7 24. f4 gxf4 25. Bxf4 c5 26. Rc1 Rc8 27. Rf1 Rff8 28. Nd2 Nd5 29. Nc4 Bc7 30. Nd2 Bd8 31. Bxh6+ Kxh6 32. Rxf8 Kg7 33.
Re8 Kf7 34. Rh8 Kg7 35. Re8 Kf7 36. h6 Kxe8 37. h7 Ne3+ 38. Kf3 1-0

[Event "GrandPrix_30.05"]
[Site "Chess.com"]
[Date "2020.05.30"]
[Round "1"]
[White "mishanick"]
[Black "TheJoker64"]
[Result "1-0"]
[WhiteElo "2977"]
[BlackElo "2245"]
[TimeControl "600+2"]
[EndTime "8:15:27 PDT"]
[Termination "mishanick won by resignation"]

1. d4 Nf6 2. c4 g6 3. Nc3 Bg7 4. e4 d6 5. Be2 O-O 6. Be3 c5 7. d5 e6 8. Nf3 exd5 9. cxd5 b5 10. e5 dxe5 11. Bxc5 Re8 12. Bxb5 Bd7 13. Be2 Nh5 14.
Be3 Nf4 15. Bxf4 exf4 16. O-O Qb6 17. Qd2 Na6 18. Bxa6 Qxa6 19. Rfe1 Qb6 20. Rac1 Bg4 21. h3 Bxf3 22. gxf3 Rxe1+ 23. Rxe1 Rd8 24. Rd1 Be5 25. b3 h6 26. Ne4 Qc7 27. d6 Qd7 28. Qd5 Qf5 29.
d7 Qg5+ 30. Nxg5 1-0

[Event "GrandPrix_30.05"]
[Site "Chess.com"]
[Date "2020.05.30"]
[Round "1"]
[White "szachuspl"]
[Black "ValeriyGrinev"]
[Result "0-1"]
[WhiteElo "2369"]
[BlackElo "2127"]
[TimeControl "600+2"]
[EndTime "8:15:57 PDT"]
[Termination "ValeriyGrinev won by resignation"]

1. d4 Nf6 2. c4 c5 3. d5 e6 4. Nc3 exd5 5. cxd5 d6 6. Nf3 g6 7. Bf4 Bg7 8. e3 O-O 9. Be2 Na6 10. Nd2 Nc7 11.
Nc4 b5 12. Nxd6 b4 13. Na4 Ncxd5 14. Bg3 h5 15. h3 Qe7 16. Bf3 Be6 17. e4 Nb6 18.
Nxc5 Bc4 19. b3 Nxe4 20. bxc4 Nxg3+ 0-1

[Event "GrandPrix_30.05"]
[Site "Chess.com"]
[Date "2020.05.30"]
[Round "1"]
[White "bsnsun"]
[Black "MirMan90"]
[Result "1-0"]
[WhiteElo "1962"]
[BlackElo "2169"]
[TimeControl "600+2"]
[EndTime "8:16:17 PDT"]
[Termination "bsnsun won by resignation"]

1. Nf3 g6 2. d4 Bg7 3. c4 d6 4. g3 Nf6 5. Bg2 O-O 6. Nc3 Nc6 7. O-O Bf5 8. Nh4 Bd7 9. Nf3 e5 10. dxe5 dxe5 11. h3 Qc8 12. Kh2 Be6 13. Nd5 Rd8 14.
e4 Nxe4 15. Qe2 f5 16. Ng5 Nxg5 17. Bxg5 Rf8 18. Rad1 Rf7 19. b4 Qf8 20. b5 Nb8 21. Nf4 Bc8 22. Rd8 exf4 23. Rxf8+ Rxf8 24. Bxf4 Nd7 25. Bxc7 Nf6 26. Re1 Ne4 27. f3 Nc3 28. Qe7 Bf6 29.
Qc5 Bd7 30. Be5 Rae8 31. Bxf6 Rxe1 32. Bxc3 Re2 33. Qd4 1-0

[Event "GrandPrix_30.05"]
[Site "Chess.com"]
[Date "2020.05.30"]
[Round "1"]
[White "HElissalt"]
[Black "Lavrov_Maxim"]
[Result "0-1"]
[WhiteElo "1977"]
[BlackElo "2321"]
[TimeControl "600+2"]
[EndTime "8:16:19 PDT"]
[Termination "Lavrov_Maxim won by resignation"]

1. d4 Nf6 2. c4 g6 3. Nc3 Bg7 4.
e4 d6 5. Be2 O-O 6. Be3 e5 7.
d5 Ne8 8. g4 Na6 9. h4 f5 10.
gxf5 gxf5 11. exf5 Bxf5 12. Nf3 Nc5 13. h5 Kh8 14.
Nh4 Be4 15. f3 Bf6 16. Bf2 Bg5 17. Nxe4 Nxe4 18. fxe4 Rxf2 19. Kxf2 Bxh4+ 20. Ke3 c6 21. Qg1 cxd5 22. exd5 Qb6+ 23. Kd3 Bf2 24. Qg4 Nf6 25. Qh3 Qxb2 26. Bf3 e4+ 27. Bxe4 Nxe4 0-1

[Event "GrandPrix_30.05"]
[Site "Chess.com"]
[Date "2020.05.30"]
[Round "1"]
[White "temus_galaktionov"]
[Black "wnstop"]
[Result "1-0"]
[WhiteElo "2629"]
[BlackElo "2172"]
[TimeControl "600+2"]
[EndTime "8:16:29 PDT"]
[Termination "temus_galaktionov won by resignation"]

1. d4 Nf6 2. Nf3 g6 3. c4 Bg7 4.
Nc3 O-O 5. e4 d6 6. Be2 e5 7.
O-O Nbd7 8. Be3 Re8 9. dxe5 dxe5 10. b4 Ng4 11. Bg5 f6 12. Bd2 c6 13. Qc1 f5 14. c5 Nf8 15. Ng5 f4 16. Nf3 h6 17. Rd1 Qe7 18. Na4 g5 19. Bc3 Ng6 20.
Nb2 Nf6 21. Rd6 g4 22. Nd2 Kh7 23. Nd3 Bd7 24. f3 h5 25. Nc4 gxf3 26. gxf3 Bh3 27. Bf1 Bxf1 28. Qxf1 Nd7 29. Kh1 b5 30. Na5 Ndf8 31.
Nxc6 Qh4 32. Qg2 Re6 33. Rxe6 Nxe6 34. Rg1 Nef8 35. Ndxe5 Bxe5 36. Nxe5 1-0

[Event "GrandPrix_30.05"]
[Site "Chess.com"]
[Date "2020.05.30"]
[Round "1"]
[White "fujiwara_hoga"]
[Black "Matibar"]
[Result "0-1"]
[WhiteElo "2117"]
[BlackElo "2498"]
[TimeControl "600+2"]
[EndTime "8:16:29 PDT"]
[Termination "Matibar won by resignation"]

1. d4 f5 2. c4 Nf6 3. Nc3 d6 4. g3 g6 5. Bg2 Bg7 6. Nf3 O-O 7.
O-O c6 8. b3 Na6 9. Bb2 Bd7 10.
Qd3 Nb4 11. Qd2 Qe8 12. Rad1 h6 13. a3 Na6 14. b4 Qf7 15. Qd3 Nc7 16. Nd2 e5 17. e3 e4 18. Qe2 Rae8 19. Nb3 d5 20. cxd5 cxd5 21. b5 g5 22. a4 f4 23.
Qc2 f3 24. Bh1 Qh5 25. Rfe1 Ng4 0-1

[Event "GrandPrix_30.05"]
[Site "Chess.com"]
[Date "2020.05.30"]
[Round "1"]
[White "N4700000"]
[Black "Vnebo"]
[Result "0-1"]
[WhiteElo "2286"]
[BlackElo "2126"]
[TimeControl "600+2"]
[EndTime "8:16:30 PDT"]
[Termination "Vnebo won by resignation"]

1. e4 c5 2. Nf3 d6 3. Bb5+ Bd7 4. c4 Nc6 5. O-O g6 6. d4 cxd4 7. Nxd4 Bg7 8. Be3 Nf6 9. f3 a6 10. Bxc6 bxc6 11. c5 e5 12. Nb3 d5 13. Bg5 O-O 14. Nc3 d4 15. Na4 h6 16. Bh4 Be6 17. Nb6 Ra7 18.
Na5 Qc7 19. Qa4 Nd7 20. Be7 Nxb6 21. cxb6 Qxb6 22. Bxf8 Bxf8 23. b3 c5 24. Nc4 Qc7 25.
Qa5 Qxa5 26. Nxa5 Rc7 27. Rac1 h5 28. Rc2 Bh6 29. Rd1 Kf8 30. Nc4 f6 31. g3 Ke7 32.
Kf2 g5 33. Nb2 g4 34. Nd3 Be3+ 35. Kf1 gxf3 36. Rxc5 Rxc5 37. Nxc5 Bh3+ 38. Ke1 f2+ 39. Ke2 Bg4+ 0-1

[Event "GrandPrix_30.05"]
[Site "Chess.com"]
[Date "2020.05.30"]
[Round "1"]
[White "Evgeny81"]
[Black "SergeyVashchilov"]
[Result "1-0"]
[WhiteElo "2405"]
[BlackElo "2075"]
[TimeControl "600+2"]
[EndTime "8:16:46 PDT"]
[Termination "Evgeny81 won by resignation"]

1. d4 d5 2. c4 e6 3. Nf3 Nf6 4. g3 Be7 5. Bg2 O-O 6. O-O dxc4 7. Qc2 a6 8. a4 c5 9. dxc5 Bxc5 10. Qxc4 b6 11. Ne5 Ra7 12. Nc3 Qd4 13. Qxd4 Bxd4 14. Nf3 Bc5 15. Bf4 Nc6 16. Ne5 Nxe5 17. Bxe5 Bb7 18.
Bxf6 gxf6 19. Rac1 f5 20. Rfd1 Bxg2 21. Kxg2 Rb8 22.
e3 Kf8 23. Ne2 Ke7 24. b4 Bxb4 25. Nd4 Ba3 26. Nc6+ Kf6 27. Nxa7 Bxc1 28. Rxc1 b5 29. axb5 axb5 30. Rb1 b4 31. Nc6 Rb6 32. Nxb4 e5 33. Nd5+ 1-0

[Event "GrandPrix_30.05"]
[Site "Chess.com"]
[Date "2020.05.30"]
[Round "1"]
[White "swisspower96"]
[Black "chess_big_master"]
[Result "1-0"]
[WhiteElo "2356"]
[BlackElo "2012"]
[TimeControl "600+2"]
[EndTime "8:16:55 PDT"]
[Termination "swisspower96 won on time"]

1. d4 d5 2. c4 e6 3. Nf3 Nf6 4.
g3 Bb4+ 5. Bd2 Bd6 6. Nc3 c6 7. Qc2 O-O 8. e4 dxe4 9. Nxe4 Nxe4 10. Qxe4 Nd7 11. Bd3 Nf6 12. Qh4 h6 13. O-O-O c5 14.
dxc5 Be7 15. Bxh6 e5 16. Bg5 Re8 17. Bh7+ Kf8 18. Rxd8 Bxd8 19. Re1 1-0